 Dungeon Crawl Stone Soup version 0.18-a0-1805-g8ab820f (webtiles) character file.

1269 eljoo the Geomancer (level 8, -4/60 HPs)
             Began as a Formicid Earth Elementalist on Apr 25, 2016.
             Was an Initiate of Ashenzari.
             Slain by an orc warrior
             ... wielding a cursed +0 trident
              (21 damage)
             ... on level 7 of the Dungeon.
             The game lasted 00:39:02 (7206 turns).

eljoo the Geomancer (Formicid Earth Elementalist)   Turns: 7206, Time: 00:39:02

Health: -4/60      AC:  4    Str: 14    XL:     8   Next: 82%
Magic:  14/15      EV:  7    Int: 16    God:    Ashenzari [......]
Gold:   283        SH:  0    Dex: 11    Spells: 3 memorised, 7 levels left

rFire  . . .     SeeInvis +     a - +7 dagger "Widowmaker" {freeze, *Noise rElec rC++ MR+} (curse)
rCold  + + .     Gourm    .     e - +0 robe
rNeg   . . .     Faith    .     (no shield)
rPois  .         Spirit   .     (helmet unavailable)
rElec  +         Dismiss  .     p - +0 cloak
rCorr  .         Reflect  .     h - +0 pair of gloves
SustAt .         Harm     .     (no boots)
MR     +....                    (no amulet)
Stlth  +++.......               (no ring)
                                (no ring)

@: somewhat resistant to hostile enchantments, fairly stealthy
A: permanent stasis, dig shafts and tunnels, four strong arms, antennae 3
a: Dig, Shaft Self, Curse Item, Renounce Religion


You were on level 7 of the Dungeon.
You worshipped Ashenzari.
Ashenzari was noncommittal.
You were not hungry.

You visited 1 branch of the dungeon, and saw 7 of its levels.

You collected 283 gold pieces.

Inventory:

Hand Weapons
 a - the cursed +7 dagger "Widowmaker" (weapon) {freeze, *Noise rElec rC++ MR+}
   (You found it on level 5 of the Dungeon)

   It has been specially enchanted to freeze those struck by it, causing extra
   injury to most foes and up to half again as much damage against particularly
   susceptible opponents.
   It can also slow down cold-blooded creatures.
   It greatly protects you from cold.
   It insulates you from electricity.
   It affects your resistance to hostile enchantments.
   It may make noises in combat.
   It has a curse placed upon it.
 o - a +2 short sword of protection
 w - a +2 dagger of venom
Missiles
 b - 117 stones (quivered)
Armour
 e - a +0 robe (worn)
 h - a +0 pair of gloves (worn)
 p - a +0 cloak (worn)
Wands
 k - a wand of iceblast (8/15)
Scrolls
 i - a scroll of enchant weapon {unknown}
 l - 7 scrolls of identify
 n - a scroll of fear {unknown}
 q - 2 scrolls of immolation
 t - a scroll of remove curse
 u - a scroll of noise
 y - a scroll of enchant armour {unknown}
Potions
 g - a potion of might {unknown}
 j - a potion of cure mutation
 m - 4 potions of curing {unknown}
 r - a potion of flight {unknown}
 v - a potion of brilliance {unknown}
 x - a potion of resistance {unknown}
Books
 c - a book of Geomancy

   Spells                             Type                      Level
   a - Sandblast                      Earth                        1
   b - Passwall                       Transmutation/Earth          2
   c - Stone Arrow                    Conjuration/Earth            3
   d - Petrify                        Transmutation/Earth          4
   e - Lee's Rapid Deconstruction     Earth                        5
Comestibles
 d - 4 bread rations
 f - 2 meat rations
 s - a slice of pizza


   Skills:
 + Level 4.0 Fighting
 + Level 3.3 Short Blades
 - Level 1.8 Dodging
 + Level 5.5 Stealth
 + Level 5.1 Spellcasting
 - Level 1.1 Transmutations
 * Level 8.0 Earth Magic


You had 7 spell levels left.
You knew the following spells:

 Your Spells              Type           Power        Failure   Level  Hunger
a - Sandblast             Erth           ####..       1%          1    None
b - Petrify               Trmt/Erth      ###.....     28%         4    ####...
c - Lee's Rapid Deconstr  Erth           ####......   17%         5    ######.


Dungeon Overview and Level Annotations

Branches:
Dungeon (7/15)
 Temple: D:4-7

Altars:
Ashenzari
Cheibriados
Elyvilon
Ru

Shops:
D:4 :


Innate Abilities, Weirdness & Mutations

You are under a permanent stasis effect.
You can dig through walls and to a lower floor.
Your four strong arms can wield two-handed weapons with a shield.
You have a pair of large antennae on your head (SInv).


Message History

You close the door.
An orc warrior opens the door.
The orc warrior hits you from afar with a trident!
The orc priest casts a cantrip, but nothing happens.
All of the chunks of flesh in your inventory have rotted away.
The orc priest invokes the aid of Beogh against you.
Beogh smites you!
The orc priest looks braver for a moment.
There is a stone staircase leading up here.
Casting: Sandblast
Confirm with . or Enter, or press ? or * to list all spells.
Aiming: Sandblast
Press: ? - help, Shift-Dir - straight line, f - orc warrior
Aim: an orc warrior, wielding a trident and wearing a plate armour The blast of sand hits the orc warrior.
The orc priest calls down the wrath of Beogh upon you.
Beogh smites you!
The orc warrior hits you from afar with a trident!!
* * * LOW HITPOINT WARNING * * *
The orc warrior hits you from afar with a trident!!
You die...

#############
#)@.o.......#######
#...........#..>#..
#.......o...#...#..
#...........#...#..
#........o..#...#..
#..............####
#############.....#
#.....# #.....'


You could see an orc warrior, an orc priest and an orc.

Vanquished Creatures
  The ghost of barb4r1an the Conjurer, an amateur DrCj (D:4)
  2 ogres
  A howler monkey (D:4)
  4 crimson imps
  A giant frog zombie (D:5)
  2 hounds
  2 giant frog skeletons
  2 orc wizards
  A centaur skeleton (D:6)
  3 iguanas
  4 worker ants
  A howler monkey skeleton (D:4)
  14 gnolls
  5 adders
  4 oozes
  An adder skeleton (D:4)
  A worm (D:3)
  4 giant geckos
  13 orcs
  2 ball pythons
  3 bats (D:1)
  3 giant cockroaches
  8 goblins
  12 hobgoblins
  2 jackals (D:3)
  8 kobolds
  3 quokkas
  4 giant newts
  A quokka skeleton (D:4)
  9 rats
121 creatures vanquished.

Notes
Turn   | Place    | Note
--------------------------------------------------------------
     0 | D:1      | eljoo the Formicid Earth Elementalist began the quest for the Orb.
     0 | D:1      | Reached XP level 1. HP: 13/13 MP: 3/3
   294 | D:1      | Reached XP level 2. HP: 17/19 MP: 3/5
   296 | D:1      | Reached skill level 4 in Earth Magic
   704 | D:1      | Reached XP level 3. HP: 20/24 MP: 2/6
  1457 | D:2      | Reached XP level 4. HP: 30/30 MP: 2/7
  2610 | D:3      | Reached XP level 5. HP: 34/35 MP: 7/9
  2869 | D:3      | Reached skill level 5 in Stealth
  2911 | D:3      | Reached skill level 5 in Earth Magic
  2911 | D:3      | Reached XP level 6. HP: 8/41 MP: 0/11
  3181 | D:3      | Learned a level 4 spell: Petrify
  3619 | D:4      | Found a shattered altar of Ashenzari.
  3642 | D:4      | Became a worshipper of Ashenzari the Shackled
  3645 | D:4      | Noticed an ogre
  3825 | D:4      | Noticed barb4r1an's ghost (amateur DrCj)
  3839 | D:4      | Killed barb4r1an's ghost
  3839 | D:4      | Reached skill level 1 in Short Blades
  3839 | D:4      | Reached XP level 7. HP: 30/50 MP: 3/12
  4019 | D:4      | Reached skill level 6 in Earth Magic
  4402 | D:4      | Found Waeduosu's Book Boutique.
  4931 | D:4      | Reached XP level 8. HP: 49/57 MP: 7/14
  4978 | D:4      | Found a white marble altar of Elyvilon.
  4978 | D:4      | Found a snail-covered altar of Cheibriados.
  5259 | D:5      | Entered Level 5 of the Dungeon
  5262 | D:5      | Reached skill level 7 in Earth Magic
  5491 | D:5      | Got the dagger "Widowmaker" {freeze, *Noise rElec rC++ MR+}
  5492 | D:5      | Identified the +7 dagger "Widowmaker" {freeze, *Noise rElec rC++ MR+} (You found it on level 5 of the Dungeon)
  5869 | D:5      | Found a sacrificial altar of Ru.
  6131 | D:6      | Learned a level 5 spell: Lee's Rapid Deconstruction
  6293 | D:6      | Reached skill level 5 in Spellcasting
  6961 | D:7      | Reached skill level 8 in Earth Magic
  7206 | D:7      | Slain by an orc warrior

Vault maps used:
D:1:      lightli_arrival_statue_moat, hangedman_glass_teeth,
          serial_bayou_lagoon_a
D:2:      first_bread
D:4:      cheibrodos_ashenzari_chains, gammafunk_temple_overflow_elements,
          serial_shops, kennysheep_little_box, minivault_19, minmay_surrounded
D:5:      nicolae_ru_path_of_blood, minmay_tree_intersection
D:7:      nicolae_overflow_crystal_walls, minmay_temple_entry_glassed_door

Skill      XL: |  1  2  3  4  5  6  7  8 |
---------------+-------------------------+-----
Earth Magic    | 4 5 6 8 |  8.0
Stealth        | 3 4 5 |  5.5
Spellcasting   | 3 4 5 |  5.1
Fighting       | 2 4 |  4.0
Short Blades   | 1 2 3 |  3.3
Dodging        | |  1.8
Transmutations | |  1.1

Action                   |  1- 3 |  4- 6 |  7- 9 || total
-------------------------+-------+-------+-------++-------
Melee: Unarmed           |    46 |     1 |       ||    47
       Dagger            |       |    34 |    73 ||   107
 Cast: Sandblast         |    64 |    71 |    74 ||   209
       Petrify           |       |       |     2 ||     2
       Lee's Rapid Decon |       |       |     3 ||     3
Invok: Curse Item        |       |       |     1 ||     1
 Abil: Dig               |       |       |     1 ||     1
  Use: Scroll            |     1 |     5 |     2 ||     8
 Stab: Sleeping          |       |     2 |     7 ||     9
  Eat: Chunk             |     2 |     8 |     8 ||    18
       Bread ration      |       |       |     1 ||     1
Armor: Robe              |    38 |    12 |    20 ||    70
Dodge: Dodged            |    95 |    49 |    53 ||   197
